 Dungeon Crawl Stone Soup version 0.29.0-4-gdea44cf6ec (webtiles) character file.

Game seed: 8438668123158162603

24207 qw the Severer (level 13, -5/86 HPs)
             Began as a Gargoyle Berserker on Sept 4, 2022.
             Was an Elder of Trog.
             Slain by a hellwing (10 damage)
             ... on level 2 of the Abyss.
             The game lasted 00:04:56 (12752 turns).

qw the Severer (Gargoyle Berserker)                Turns: 12752, Time: 00:04:57

Health: -5/86      AC: 35    Str: 33    XL:     13   Next: 11%
Magic:  22/22      EV: 10    Int:  8    God:    Trog [****..]
Gold:   607        SH:  0    Dex:  9    Spells: 12/12 levels left

rFire   . . .      SeeInvis .   Y - +1 war axe (elec)
rCold   . . .      Faith    .   (no shield)
rNeg    + . .      Spirit   .   j - +0 chain mail
rPois   inf        Reflect  .   p - +2 helmet
rElec   +          Harm     .   u - +2 cloak
rCorr   .          Rampage  .   g - +0 pair of gloves
Will    .....                   b - +0 pair of boots
Stlth   ..........              n - amulet of regeneration
HPRegen 1.04/turn               l - +4 ring of protection
MPRegen 0.18/turn               t - ring of Atediz {MP+9 Str+7}

@: on berserk cooldown, slowed, very slow
A: sickness immunity, AC +9, negative energy resistance 1, electricity
resistance, torment resistance 1, petrification resistance
a: Renounce Religion, Berserk, Trog's Hand, Brothers in Arms


You were on level 2 of the Abyss.
You worshipped Trog.
Trog was greatly pleased with you.
You visited 2 branches of the dungeon, and saw 11 of its levels.
You visited the Abyss 2 times.

You collected 783 gold pieces.
You spent 176 gold pieces at shops.


Innate Abilities, Weirdness & Mutations

You are immune to sickness and miasma.
Your stone body is resilient. (AC +9)
You are immune to poison.
You resist negative energy. (rN+)
You are resistant to electric shocks. (rElec)
You are resistant to unholy torment.
You are immune to petrification.


   Skills:
 - Level 12.0 Fighting
 + Level 15.0 Axes
 - Level 2.1 Throwing
 - Level 10.4 Armour
 - Level 3.1 Dodging


You had 12 spell levels left.
You didn't know any spells.
Your spell library was empty.

Inventory:

Hand Weapons
 m - a +0 morningstar
 Y - a +1 war axe of electrocution (weapon)
Missiles
 s - a boomerang (quivered)
Armour
 b - a +0 pair of boots (worn)
 g - a +0 pair of gloves (worn)
 j - a +0 chain mail (worn)
 p - a +2 helmet (worn)
 u - a +2 cloak (worn)
Jewellery
 e - a ring of fire
 l - a +4 ring of protection (left hand)
 n - an amulet of regeneration (around neck)
 t - the ring of Atediz (right hand) {MP+9 Str+7}
   (You found it on level 8 of the Dungeon)

   [ring of magical power]

   Str:       It affects your strength (+7).
   MP:        It affects your magic capacity (+9).
Scrolls
 a - 5 scrolls of teleportation
 d - 8 scrolls of identify
Potions
 c - 5 potions of curing
 f - a potion of mutation
 h - 3 potions of haste
 i - a potion of resistance
 q - 2 potions of might
 r - 2 potions of cancellation

Dungeon Overview and Level Annotations

Branches:
Dungeon (10/15)            Temple (0/1) D:4            Lair (1/5) D:10
    Orc: D:9-12

Altars:
Ashenzari
Cheibriados
Elyvilon
Fedhas
Makhleb
Okawaru
Qazlal
Uskayaw
Vehumet
Zin

Shops:
D:4 ?:*   D:7 :

Portals:
Abyss: D:5

Annotations:
D:5 2 transporters, qw's ghost, novice FoCA
Lair:1 Sonja


Message History

A sky beast comes into view.
You feel a strong urge to attack something.
The spatial vortex hits you but does no damage.
You completely miss the spatial vortex.
A spatial vortex comes into view.
You slash the spatial vortex!
The spatial vortex is moderately damaged.
A spatial vortex comes into view.
You carve the spatial vortex like a ham!!!
The spatial vortex is almost destroyed.
You are no longer berserk.
You are exhausted.
You feel yourself slow down.
You barely miss the spatial vortex.
The spatial vortex is almost destroyed.
The spatial maelstrom hits you but does no damage.
The spatial maelstrom barely misses you.
You hit the spatial maelstrom.
The spatial maelstrom is almost destroyed.
The spatial maelstrom barely misses you.
The spatial maelstrom closely misses you.
The spatial maelstrom completely misses you.
The spatial maelstrom barely misses you.
A small abomination comes into view.
You hit the spatial maelstrom but do no damage.
The spatial maelstrom is almost destroyed.
The spatial maelstrom misses you.
The spatial maelstrom barely misses you.
The ancient zyme hits you but does no damage. x2
You slash the ancient zyme!
The ancient zyme is moderately damaged.
The hellwing swoops through the air toward you!
The hellwing hits you but does no damage.
The hellwing barely misses you. The ancient zyme barely misses you.
The ancient zyme closely misses you.
You barely miss the ancient zyme.
The ancient zyme is moderately damaged.
You hit the hellwing but do no damage. You slice the spatial vortex!!
The spatial vortex hits you!! Space warps around you. The hellwing hits you!
You die...

#.. ##....#.. #
#.#..##.....##..
.# ##
.....#..##..##..
..
#.............
#...............
#.####.#v.##..##
# ##
#....##..##..#
##...x........
#...v@4v......
#.##.v##..##..#
#.. ..# ...x
.... ..... .....
#..#.. .##..#
##.### # # #.. .
#. ..


You could see a spatial maelstrom, 3 spatial vortices, an ancient zyme, a
hellwing and a small abomination.

Vanquished Creatures
  Gastronok (D:8)
  3 tentacled starspawn
  4 very ugly things (Abyss:1)
  An eidolon (Abyss:2)
  A great orb of eyes (Abyss:2)
  Harold (D:9)
  A two-headed ogre (D:9)
  A thrashing horror (Abyss:1)
  A soul eater (Abyss:1)
  An ugly thing (Abyss:1)
  Maurice (D:8)
  A smoke demon (Abyss:1)
  Joseph (Lair:1)
  2 cane toads (Lair:1)
  An efreet (D:8)
  A komodo dragon (Lair:1)
  2 ancient zymes
  A troll (D:9)
  A merfolk (shapeshifter) (Abyss:1)
  A polar bear (Lair:1)
  4 blink frogs (Lair:1)
  Prince Ribbit (D:5)
  Sigmund (D:2)
  A ynoxinul (Abyss:2)
  2 wraiths
  2 wyverns
  3 large abominations
  10 yaks
  2 basilisks (Lair:1)
  A chaos spawn (Abyss:1)
  A vampire mosquito (D:8)
  2 spatial vortices (Abyss:2)
  3 water moccasins
  Duvessa (D:4)
  An acid dragon (D:8)
  An orc warrior (D:10)
  A black bear (D:7)
  2 ice beasts
  2 sky beasts
  6 ogres
  3 centaurs
  3 small abominations (Abyss:1)
  A phantom (D:5)
  Blork the orc (D:4)
  A kobold brigand (D:8)
  6 bullfrogs
  7 scorpions
  2 necrophages
  Dowan (D:4)
  13 killer bees
  3 howler monkeys
  5 starcursed masses (Abyss:1)
  4 hounds
  An iron imp (Abyss:1)
  7 jellies
  2 orc priests
  5 iguanas
  A gnoll bouda (D:7)
  2 orc wizards
  6 gnolls
  8 adders
  A shadow imp (D:8)
  A white imp (Abyss:1)
  An ufetubus (Abyss:2)
  4 dart slugs
  A worm (D:3)
  31 orcs
  4 bats
  7 endoplasms
  A giant cockroach (D:1)
  10 goblins
  4 hobgoblins
  4 jackals (D:4)
  8 quokkas
  5 ball pythons
  2 frilled lizards (D:1)
  13 kobolds
  6 rats
  4 starspawn tentacles (Abyss:2)
263 creatures vanquished.

Vanquished Creatures (others)
  A scorpion (D:7)
  2 gnolls (D:7)
  A fungus (Lair:1)
  8 starspawn tentacles
12 creatures vanquished.

Grand Total: 275 creatures vanquished

Notes
Turn   | Place    | Note
-------+----------+-------------------------------------------
     0 | D:1      | qw the Gargoyle Berserker began the quest for the Orb.
     0 | D:1      | Reached XP level 1. HP: 14/14 MP: 1/1
     0 | D:1      | 0 ||| qw: Version: 0.1-a-103-gd6f5d3a
     0 | D:1      | 0 ||| qw: Game counter: 5509
     0 | D:1      | 0 ||| qw: Always use a shield: true
     0 | D:1      | 0 ||| qw: Do Orc after D:15 true
     0 | D:1      | 0 ||| qw: Do second Lair branch before Depths: true
     0 | D:1      | 0 ||| qw: Lair rune preference: random
     0 | D:1      | 0 ||| qw: Plans: Normal
     0 | D:1      | 0 ||| PLANNING D:1-11
    49 | D:1      | 49 ||| Stepping ~*~*~tactically~*~*~ (stealth).
    50 | D:1      | 50 ||| Stepping ~*~*~tactically~*~*~ (stealth).
    60 | D:1      | Reached skill level 3 in Axes
   249 | D:1      | Reached XP level 2. HP: 19/19 MP: 2/2
   562 | D:1      | 562 ||| INVOKING Berserk.
  1302 | D:1      | Found a faded altar of an unknown god.
  1508 | D:1      | 1508 ||| UPGRADING to +0 leather armour.
  1518 | D:1      | 1518 ||| DROPPING +0 animal skin.
  1519 | D:1      | 1519 ||| UPGRADING to +4 ring of protection.
  1520 | D:1      | 1520 ||| READING scroll labelled TARIGU BIYN.
  1521 | D:1      | 1521 ||| READING scroll labelled QUIRCHO JEDA.
  1522 | D:1      | 1522 ||| READING scroll labelled ARCHIC SINAU.
  1523 | D:1      | 1523 ||| READING scroll labelled SIPLOAPIME.
  1528 | D:1      | 1528 ||| DRINKING 2 murky orange potions.
  1599 | D:2      | Reached XP level 3. HP: 21/23 MP: 3/3
  1705 | D:2      | Noticed Sigmund
  1706 | D:2      | 1706 ||| INVOKING Berserk.
  1713 | D:2      | Reached skill level 4 in Axes
  1718 | D:2      | Killed Sigmund
  1719 | D:2      | Reached skill level 5 in Axes
  1719 | D:2      | Reached XP level 4. HP: 12/28 MP: 4/4
  1719 | D:2      | Reached XP level 5. HP: 13/32 MP: 5/5
  2091 | D:2      | 2091 ||| Stepping ~*~*~tactically~*~*~ (hiding).
  2261 | D:2      | Reached XP level 6. HP: 38/38 MP: 6/6
  2541 | D:2      | 2541 ||| UPGRADING to +0 pair of boots.
  2546 | D:2      | 2546 ||| READING 2 scrolls labelled XOBI MO RAI.
  2547 | D:2      | 2547 ||| READING scroll labelled BINKIONLOFO.
  2548 | D:2      | 2548 ||| DRINKING 2 emerald potions.
  2580 | D:3      | You fall into a shaft and drop 1 floor!
  2580 | D:4      | Found Nus Kaec's General Store.
  2631 | D:4      | 2631 ||| Stepping ~*~*~tactically~*~*~ (stealth).
  2634 | D:4      | 2634 ||| Stepping ~*~*~tactically~*~*~ (stealth).
  2722 | D:4      | 2722 ||| DROPPING +0 whip.
  2739 | D:4      | 2739 ||| INVOKING Berserk.
  2749 | D:4      | Reached skill level 6 in Axes
  2800 | D:4      | 2800 ||| Stepping ~*~*~tactically~*~*~ (stealth).
  2801 | D:4      | 2801 ||| SWAPPING to +0 war axe.
  2806 | D:4      | 2806 ||| DROPPING +1 hand axe.
  2814 | D:4      | 2814 ||| UPGRADING to +0 chain mail.
  2824 | D:4      | 2824 ||| DROPPING +0 leather armour.
  2831 | D:4      | Found Ustronon's Book Shoppe.
  2835 | D:3      | Reached ** piety under Trog
  2866 | D:3      | Reached skill level 3 in Armour
  3112 | D:3      | Found a white marble altar of Elyvilon.
  3191 | D:3      | 3191 ||| Stepping ~*~*~tactically~*~*~ (stealth).
  3205 | D:3      | 3205 ||| Stepping ~*~*~tactically~*~*~ (stealth).
  3211 | D:3      | 3211 ||| Stepping ~*~*~tactically~*~*~ (stealth).
  3231 | D:3      | 3231 ||| INVOKING Berserk.
  3236 | D:3      | Reached XP level 7. HP: 43/43 MP: 7/7
  3295 | D:3      | 3295 ||| Stepping ~*~*~tactically~*~*~ (stealth).
  3457 | D:3      | 3457 ||| UPGRADING to +0 cloak.
  3462 | D:3      | 3462 ||| DROPPING ring of flight.
  3463 | D:3      | 3463 ||| READING scroll labelled CEGAYH RAPITU.
  3464 | D:3      | 3464 ||| READING 4 scrolls of identify.
  3464 | D:3      | 3464 ||| IDENTIFYING lumpy orange potion
  3465 | D:3      | 3465 ||| READING 3 scrolls of identify.
  3465 | D:3      | 3465 ||| IDENTIFYING blue potion
  3466 | D:3      | 3466 ||| READING 2 scrolls of identify.
  3466 | D:3      | 3466 ||| IDENTIFYING orange potion
  3467 | D:3      | 3467 ||| DROPPING potion of lignification.
  3468 | D:3      | 3468 ||| DROPPING potion of brilliance.
  3469 | D:3      | 3469 ||| DROPPING potion of magic.
  3489 | D:4      | Found Wuuneteu's Magic Scroll Emporium.
  3492 | D:4      | 3492 ||| STAIRDANCE
  3511 | D:4      | 3511 ||| STAIRDANCE
  3516 | D:4      | 3516 ||| STAIRDANCE
  3550 | D:4      | 3550 ||| SWAPPING to +1 war axe of electrocution.
  3551 | D:4      | 3551 ||| DROPPING +0 war axe.
  3556 | D:4      | 3556 ||| BUYING scroll of identify (22 gold).
  3556 | D:4      | Bought a scroll of identify for 22 gold pieces
  3556 | D:4      | 3556 ||| BUYING scroll of identify (22 gold).
  3556 | D:4      | Bought a scroll of identify for 22 gold pieces
  3556 | D:4      | 3556 ||| BUYING scroll of teleportation (33 gold).
  3556 | D:4      | Bought a scroll of teleportation for 33 gold pieces
  3567 | D:4      | Found a broken altar of Ashenzari.
  3582 | D:4      | 3582 ||| Stepping ~*~*~tactically~*~*~ (stealth).
  3584 | D:4      | 3584 ||| Stepping ~*~*~tactically~*~*~ (hiding).
  3733 | D:4      | 3733 ||| INVOKING Berserk.
  3737 | D:4      | Reached skill level 7 in Axes
  3851 | D:4      | Noticed Blork the orc
  3854 | D:4      | 3854 ||| INVOKING Berserk.
  3856 | D:4      | Killed Blork the orc
  4008 | D:4      | Noticed Dowan
  4009 | D:4      | Noticed Duvessa
  4009 | D:4      | 4009 ||| Stepping ~*~*~tactically~*~*~ (stealth).
  4011 | D:4      | 4011 ||| Stepping ~*~*~tactically~*~*~ (hiding).
  4012 | D:4      | 4012 ||| Stepping ~*~*~tactically~*~*~ (hiding).
  4015 | D:4      | 4015 ||| INVOKING Berserk.
  4018 | D:4      | Killed Duvessa
  4036 | D:4      | Killed Dowan
  4037 | D:4      | Reached XP level 8. HP: 24/49 MP: 8/8
  4266 | D:4      | Found a staircase to the Ecumenical Temple.
  4448 | D:4      | 4448 ||| Stepping ~*~*~tactically~*~*~ (stealth).
  4469 | D:4      | Reached skill level 8 in Axes
  4488 | D:4      | 4488 ||| INVOKING Berserk.
  4770 | D:4      | 4770 ||| INVOKING Berserk.
  4911 | D:4      | Found an iron altar of Okawaru.
  5128 | D:4      | 5128 ||| SHOPLISTING +4 chain mail of poison resistance
                  | (313 gold, have 111).
  5128 | D:4      | 5128 ||| BUYING 2 potions of curing (66 gold).
  5128 | D:4      | Bought 2 potions of curing for 66 gold pieces
  5128 | D:4      | 5128 ||| BUYING potion of curing (33 gold).
  5128 | D:4      | Bought a potion of curing for 33 gold pieces
  5128 | D:4      | 5128 ||| SHOPLISTING potion of haste (110 gold, have 12).
  5128 | D:4      | 5128 ||| READING scroll labelled JAESIGE XIYLA.
  5129 | D:4      | 5129 ||| READING scroll labelled KAMYCOLOJ.
  5130 | D:4      | 5130 ||| READING 4 scrolls of identify.
  5130 | D:4      | 5130 ||| IDENTIFYING fuming silvery potion
  5131 | D:4      | 5131 ||| READING 3 scrolls of identify.
  5131 | D:4      | 5131 ||| IDENTIFYING lumpy black potion
  5132 | D:4      | 5132 ||| READING 2 scrolls of identify.
  5132 | D:4      | 5132 ||| IDENTIFYING dark potion
  5133 | D:4      | 5133 ||| DROPPING potion of ambrosia.
  5134 | D:4      | 5134 ||| DROPPING potion of degeneration.
  5204 | D:5      | Entered Level 5 of the Dungeon
  5206 | D:5      | 5206 ||| INVOKING Berserk.
  5224 | D:5      | Reached skill level 6 in Fighting
  5224 | D:5      | 5224 ||| STAIRDANCE
  5344 | D:5      | Identified the +10 mace of Ravage {freeze, +Blink Int+2}
  5353 | D:5      | 5353 ||| Stepping ~*~*~tactically~*~*~ (stealth).
  5354 | D:5      | 5354 ||| Stepping ~*~*~tactically~*~*~ (stealth).
  5356 | D:5      | 5356 ||| INVOKING Berserk.
  5510 | D:5      | Found a transporter.
  5544 | D:5      | 5544 ||| INVOKING Berserk.
  5546 | D:5      | Reached skill level 9 in Axes
  5733 | D:5      | Found a snail-covered altar of Cheibriados.
  5771 | D:5      | Noticed Prince Ribbit
  5772 | D:5      | 5772 ||| INVOKING Berserk.
  5779 | D:5      | Killed Prince Ribbit
  5780 | D:5      | Reached XP level 9. HP: 57/57 MP: 9/9
  5929 | D:5      | 5929 ||| Stepping ~*~*~tactically~*~*~ (hiding).
  5932 | D:5      | 5932 ||| Stepping ~*~*~tactically~*~*~ (hiding).
  5977 | D:5      | 5977 ||| INVOKING Berserk.
  6219 | D:5      | Found a one-way gate to the infinite horrors of the Abyss.
  6219 | D:5      | Noticed qw's ghost (novice FoCA)
  6220 | D:5      | Found a transporter.
  6315 | D:5      | 6315 ||| UPGRADING to +0 pair of gloves.
  6320 | D:5      | 6320 ||| DROPPING +1 scale mail of poison resistance.
  6321 | D:5      | 6321 ||| READING scroll labelled ZIAGAE VEXZOM.
  6321 | D:5      | Identified a scroll of acquirement
  6321 | D:5      | 6321 ||| ACQUIRING +0 hat of the Heron {rPois rC+ rN+}
  6321 | D:5      | Acquired the +0 hat of the Heron {rPois rC+ rN+}
  6323 | D:5      | 6323 ||| UPGRADING to +0 hat of the Heron {rPois rC+ rN+}.
  6328 | D:5      | 6328 ||| DRINKING 3 bubbling pink potions.
  6329 | D:5      | 6329 ||| DROPPING 2 potions of attraction.
  6400 | D:6      | 6400 ||| INVOKING Berserk.
  6760 | D:6      | 6760 ||| INVOKING Berserk.
  6762 | D:6      | Reached skill level 1 in Throwing
  6886 | D:6      | Found a burning altar of Makhleb.
  6985 | D:6      | Reached skill level 10 in Axes
  7232 | D:6      | 7232 ||| UPGRADING to amulet of regeneration.
  7237 | D:6      | 7237 ||| READING scroll labelled OTILEU MEDIY.
  7238 | D:6      | 7238 ||| READING 2 scrolls of identify.
  7238 | D:6      | 7238 ||| IDENTIFYING cyan potion
  7278 | D:7      | 7278 ||| Stepping ~*~*~tactically~*~*~ (stealth).
  7279 | D:7      | 7279 ||| Stepping ~*~*~tactically~*~*~ (stealth).
  7380 | D:7      | 7380 ||| INVOKING Berserk.
  7518 | D:7      | Found a stormy altar of Qazlal.
  7643 | D:7      | Reached skill level 6 in Armour
  7670 | D:7      | Reached *** piety under Trog
  7851 | D:7      | 7851 ||| Stepping ~*~*~tactically~*~*~ (stealth).
  7855 | D:7      | 7855 ||| INVOKING Berserk.
  7963 | D:7      | Found Bukick's Book Shoppe.
  7997 | D:7      | Reached XP level 10. HP: 64/64 MP: 10/10
  8084 | D:7      | 8084 ||| READING scroll labelled HEXKUS ECHAMP.
  8085 | D:7      | 8085 ||| READING 8 scrolls of teleportation.
  8202 | D:7      | 8202 ||| READING 7 scrolls of teleportation.
  8224 | D:7      | 8224 ||| READING 6 scrolls of teleportation.
  8237 | D:7      | 8237 ||| READING 5 scrolls of teleportation.
  8317 | D:8      | 8317 ||| INVOKING Berserk.
  8325 | D:8      | 8325 ||| STAIRDANCE
  8429 | D:8      | Found a flagged portal.
  8434 | D:8      | 8434 ||| Stepping ~*~*~tactically~*~*~ (hiding).
  8436 | D:8      | 8436 ||| Stepping ~*~*~tactically~*~*~ (hiding).
  8441 | D:8      | 8441 ||| Stepping ~*~*~tactically~*~*~ (hiding).
  8442 | D:8      | 8442 ||| Stepping ~*~*~tactically~*~*~ (hiding).
  8444 | D:8      | 8444 ||| Stepping ~*~*~tactically~*~*~ (stealth).
  8455 | D:8      | Reached skill level 11 in Axes
  8480 | D:8      | Identified the +7 spear "Raqi" {vamp, rC+ Int+5}
  8500 | D:8      | 8500 ||| Stepping ~*~*~tactically~*~*~ (hiding).
  8524 | D:8      | 8524 ||| Stepping ~*~*~tactically~*~*~ (stealth).
  8600 | D:8      | Noticed Maurice
  8616 | D:8      | Killed Maurice
  8621 | D:8      | 8621 ||| Stepping ~*~*~tactically~*~*~ (stealth).
  8635 | D:8      | Reached skill level 9 in Fighting
  8748 | D:8      | 8748 ||| Stepping ~*~*~tactically~*~*~ (hiding).
  8762 | D:8      | 8762 ||| INVOKING Berserk.
  8898 | D:8      | 8898 ||| Stepping ~*~*~tactically~*~*~ (stealth).
  8912 | D:8      | Identified the +5 flail of Watchfulness {venom, Fragile
                  | Dex+3}
  8914 | D:8      | 8914 ||| DROPPING +5 flail of Watchfulness {venom, Fragile
                  | Dex+3}.
  8992 | D:8      | 8992 ||| Stepping ~*~*~tactically~*~*~ (stealth).
  9020 | D:8      | 9020 ||| Stepping ~*~*~tactically~*~*~ (stealth).
  9029 | D:8      | Identified the ring of Atediz {MP+9 Str+7}
  9088 | D:8      | Noticed Gastronok
  9092 | D:8      | 9092 ||| FLEEEEING.
  9093 | D:8      | 9093 ||| FLEEEEING.
  9094 | D:8      | 9094 ||| FLEEEEING.
  9095 | D:8      | 9095 ||| FLEEEEING.
  9096 | D:8      | 9096 ||| FLEEEEING.
  9097 | D:8      | 9097 ||| FLEEEEING.
  9098 | D:8      | 9098 ||| FLEEEEING.
  9099 | D:8      | 9099 ||| FLEEEEING.
  9100 | D:8      | 9100 ||| FLEEEEING.
  9101 | D:8      | 9101 ||| FLEEEEING.
  9102 | D:8      | 9102 ||| FLEEEEING.
  9103 | D:8      | 9103 ||| FLEEEEING.
  9104 | D:8      | 9104 ||| FLEEEEING.
  9105 | D:8      | 9105 ||| FLEEEEING.
  9106 | D:8      | 9106 ||| STAIRDANCE
  9134 | D:7      | 9134 ||| UPGRADING to ring of Atediz {MP+9 Str+7}.
  9191 | D:7      | 9191 ||| READING scroll labelled NUAFUCLOEXU.
  9192 | D:7      | 9192 ||| READING scroll labelled ATEDWE DOKKA.
  9193 | D:7      | 9193 ||| READING 9 scrolls of identify.
  9193 | D:7      | 9193 ||| IDENTIFYING viscous white potion
  9196 | D:8      | 9196 ||| STAIRDANCE
  9210 | D:8      | 9210 ||| STAIRDANCE
  9215 | D:8      | 9215 ||| STAIRDANCE
  9230 | D:8      | 9230 ||| Stepping ~*~*~tactically~*~*~ (hiding).
  9237 | D:8      | 9237 ||| Stepping ~*~*~tactically~*~*~ (hiding).
  9239 | D:8      | 9239 ||| Stepping ~*~*~tactically~*~*~ (hiding).
  9243 | D:8      | 9243 ||| INVOKING Berserk.
  9250 | D:8      | Killed Gastronok
  9251 | D:8      | Reached skill level 12 in Axes
  9251 | D:8      | Reached XP level 11. HP: 71/71 MP: 11/11
  9535 | D:9      | 9535 ||| STAIRDANCE
  9669 | D:9      | Noticed Harold
  9670 | D:9      | 9670 ||| INVOKING Berserk.
  9680 | D:9      | Killed Harold
  9903 | D:9      | Found a glowing silver altar of Zin.
  9932 | D:9      | Noticed a two-headed ogre
  9933 | D:9      | 9933 ||| INVOKING Berserk.
  9937 | D:9      | Killed a two-headed ogre
 10064 | D:9      | 10064 ||| INVOKING Berserk.
 10190 | D:9      | 10190 ||| Stepping ~*~*~tactically~*~*~ (stealth).
 10191 | D:9      | 10191 ||| Stepping ~*~*~tactically~*~*~ (stealth).
 10337 | D:9      | Found a hide-covered altar of Uskayaw.
 10425 | D:9      | Found a radiant altar of Vehumet.
 10645 | D:9      | 10645 ||| DROPPING +1 hat of willpower.
 10646 | D:9      | 10646 ||| UPGRADING to +2 helmet.
 10656 | D:9      | 10656 ||| DROPPING +0 hat of the Heron {rPois rC+ rN+}.
 10657 | D:9      | 10657 ||| UPGRADING to +2 cloak.
 10667 | D:9      | 10667 ||| DROPPING +0 cloak.
 10715 | D:10     | Entered Level 10 of the Dungeon
 10876 | D:10     | 10876 ||| INVOKING Berserk.
 11006 | D:10     | Found a blossoming altar of Fedhas.
 11152 | D:10     | Found a staircase to the Lair.
 11321 | D:10     | 11321 ||| PLANNING LAIR
 11321 | D:10     | 11321 ||| READING 10 scrolls of identify.
 11321 | D:10     | 11321 ||| IDENTIFYING sedimented purple potion
 11361 | Lair:1   | Entered Level 1 of the Lair of Beasts
 11362 | Lair:1   | 11362 ||| Stepping ~*~*~tactically~*~*~ (hiding).
 11363 | Lair:1   | 11363 ||| Stepping ~*~*~tactically~*~*~ (hiding).
 11365 | Lair:1   | 11365 ||| INVOKING Berserk.
 11374 | Lair:1   | Reached skill level 13 in Axes
 11501 | Lair:1   | 11501 ||| Stepping ~*~*~tactically~*~*~ (hiding).
 11598 | Lair:1   | 11598 ||| INVOKING Berserk.
 11607 | Lair:1   | Reached skill level 9 in Armour
 11865 | Lair:1   | 11865 ||| INVOKING Berserk.
 11986 | Lair:1   | Noticed Joseph
 11987 | Lair:1   | 11987 ||| Stepping ~*~*~tactically~*~*~ (hiding).
 11995 | Lair:1   | Killed Joseph
 12134 | Lair:1   | Noticed Sonja
 12158 | Abyss:1  | Cast into level 1 of the Abyss (Sonja)
 12159 | Abyss:1  | 12159 ||| DROPPING +4 ring of evasion.
 12160 | Abyss:1  | 12160 ||| READING 9 scrolls of identify.
 12160 | Abyss:1  | 12160 ||| IDENTIFYING glowing clear potion
 12207 | Abyss:1  | 12207 ||| Stepping ~*~*~tactically~*~*~ (stealth).
 12208 | Abyss:1  | 12208 ||| Stepping ~*~*~tactically~*~*~ (stealth).
 12209 | Abyss:1  | 12209 ||| Stepping ~*~*~tactically~*~*~ (stealth).
 12230 | Abyss:1  | 12230 ||| Stepping ~*~*~tactically~*~*~ (stealth).
 12232 | Abyss:1  | 12232 ||| Stepping ~*~*~tactically~*~*~ (stealth).
 12234 | Abyss:1  | 12234 ||| Stepping ~*~*~tactically~*~*~ (stealth).
 12235 | Abyss:1  | 12235 ||| Stepping ~*~*~tactically~*~*~ (stealth).
 12236 | Abyss:1  | 12236 ||| Stepping ~*~*~tactically~*~*~ (stealth).
 12250 | Abyss:1  | Reached **** piety under Trog
 12273 | Abyss:1  | 12273 ||| Stepping ~*~*~tactically~*~*~ (stealth).
 12276 | Abyss:1  | 12276 ||| Stepping ~*~*~tactically~*~*~ (stealth).
 12277 | Abyss:1  | 12277 ||| Stepping ~*~*~tactically~*~*~ (stealth).
 12308 | Abyss:1  | Reached XP level 12. HP: 68/77 MP: 12/12
 12320 | Abyss:1  | Noticed a starcursed mass
 12332 | Abyss:1  | Killed a starcursed mass
 12339 | Abyss:1  | Noticed a soul eater
 12340 | Abyss:1  | 12340 ||| Stepping ~*~*~tactically~*~*~ (stealth).
 12344 | Abyss:1  | 12344 ||| INVOKING Trog's Hand.
 12345 | Abyss:1  | 12345 ||| Stepping ~*~*~tactically~*~*~ (stealth).
 12346 | Abyss:1  | 12346 ||| Stepping ~*~*~tactically~*~*~ (hiding).
 12347 | Abyss:1  | 12347 ||| Stepping ~*~*~tactically~*~*~ (stealth).
 12348 | Abyss:1  | 12348 ||| Stepping ~*~*~tactically~*~*~ (cloud).
 12358 | Abyss:1  | 12358 ||| Stepping ~*~*~tactically~*~*~ (cloud).
 12359 | Abyss:1  | Noticed a brown very ugly thing
 12360 | Abyss:1  | 12360 ||| Stepping ~*~*~tactically~*~*~ (stealth).
 12364 | Abyss:1  | 12364 ||| Stepping ~*~*~tactically~*~*~ (stealth).
 12367 | Abyss:1  | 12367 ||| Stepping ~*~*~tactically~*~*~ (stealth).
 12367 | Abyss:1  | Noticed a brown very ugly thing
 12367 | Abyss:1  | Noticed a brown very ugly thing
 12367 | Abyss:1  | Noticed a brown very ugly thing
 12369 | Abyss:1  | 12369 ||| Stepping ~*~*~tactically~*~*~ (stealth).
 12370 | Abyss:1  | 12370 ||| Stepping ~*~*~tactically~*~*~ (stealth).
 12373 | Abyss:1  | Killed a soul eater
 12374 | Abyss:1  | Reached skill level 14 in Axes
 12375 | Abyss:1  | 12375 ||| Stepping ~*~*~tactically~*~*~ (stealth).
 12377 | Abyss:1  | 12377 ||| INVOKING Berserk.
 12384 | Abyss:1  | Killed a white very ugly thing
 12393 | Abyss:1  | Killed a cyan very ugly thing
 12395 | Abyss:1  | Killed a brown very ugly thing
 12396 | Abyss:1  | Reached skill level 3 in Dodging
 12404 | Abyss:1  | Noticed a thrashing horror
 12410 | Abyss:1  | Killed a green very ugly thing
 12417 | Abyss:1  | HP: 16/80 [thrashing horror (9)]
 12418 | Abyss:1  | 12418 ||| READING 6 scrolls of teleportation.
 12419 | Abyss:1  | 12419 ||| DRINKING potion of heal wounds.
 12422 | Abyss:1  | Noticed a tentacled starspawn
 12425 | Abyss:1  | Killed a thrashing horror
 12428 | Lair:1   | Escaped the Abyss
 12491 | Lair:1   | 12491 ||| Stepping ~*~*~tactically~*~*~ (hiding).
 12493 | Lair:1   | 12493 ||| Stepping ~*~*~tactically~*~*~ (hiding).
 12494 | Lair:1   | 12494 ||| Stepping ~*~*~tactically~*~*~ (hiding).
 12495 | Lair:1   | 12495 ||| Stepping ~*~*~tactically~*~*~ (hiding).
 12496 | Lair:1   | 12496 ||| Stepping ~*~*~tactically~*~*~ (hiding).
 12504 | Lair:1   | 12504 ||| INVOKING Berserk.
 12505 | Lair:1   | Killed a tentacled starspawn
 12506 | Lair:1   | Reached skill level 15 in Axes
 12550 | Abyss:2  | Cast into level 2 of the Abyss (Sonja)
 12577 | Abyss:2  | Found a corrupted altar of Lugonu.
 12580 | Abyss:2  | 12580 ||| Stepping ~*~*~tactically~*~*~ (stealth).
 12582 | Abyss:2  | 12582 ||| Stepping ~*~*~tactically~*~*~ (stealth).
 12585 | Abyss:2  | Noticed a great orb of eyes
 12586 | Abyss:2  | 12586 ||| Stepping ~*~*~tactically~*~*~ (hiding).
 12587 | Abyss:2  | 12587 ||| Stepping ~*~*~tactically~*~*~ (hiding).
 12590 | Abyss:2  | 12590 ||| INVOKING Trog's Hand.
 12597 | Abyss:2  | Killed a great orb of eyes
 12624 | Abyss:2  | 12624 ||| Stepping ~*~*~tactically~*~*~ (hiding).
 12625 | Abyss:2  | Found a corrupted altar of Lugonu.
 12637 | Abyss:2  | 12637 ||| Stepping ~*~*~tactically~*~*~ (stealth).
 12667 | Abyss:2  | Noticed a tentacled starspawn
 12668 | Abyss:2  | 12668 ||| Stepping ~*~*~tactically~*~*~ (hiding).
 12668 | Abyss:2  | Noticed a tentacled starspawn
 12674 | Abyss:2  | Killed a tentacled starspawn
 12681 | Abyss:2  | Reached XP level 13. HP: 81/84 MP: 13/13
 12684 | Abyss:2  | Killed a tentacled starspawn
 12698 | Abyss:2  | Noticed an eidolon
 12699 | Abyss:2  | 12699 ||| Stepping ~*~*~tactically~*~*~ (stealth).
 12701 | Abyss:2  | 12701 ||| Stepping ~*~*~tactically~*~*~ (hiding).
 12703 | Abyss:2  | Found a snail-covered altar of Cheibriados.
 12716 | Abyss:2  | Killed an eidolon
 12717 | Abyss:2  | Reached skill level 12 in Fighting
 12722 | Abyss:2  | 12722 ||| Stepping ~*~*~tactically~*~*~ (stealth).
 12731 | Abyss:2  | 12731 ||| INVOKING Berserk.
 12737 | Abyss:2  | HP: 32/129 [spatial maelstrom (9)]
 12752 | Abyss:2  | HP: 10/86 [spatial vortex[a spatial maelstrom] (19)]
 12752 | Abyss:2  | Slain by a hellwing

Levels and vault maps discovered:
D:1:      tarquinn_simple_flora_water_e, layout_loops_corners,
          dreamdust_ecumenical_altar_statues
D:2:      layout_basic, uniq_sigmund
D:3:      layout_rooms, mainiacjoe_overflow_concentric_impassable
D:4:      layout_basic, mainiacjoe_overflow_cross_hatched,
          evilmike_ruin_ashenzari, minmay_temple_entry_antechambers,
          serial_shops, shop, nicolae_inconvenience_store,
          nicolae_shop_hallway_stairs, minmay_misc_feat_rows,
          uniq_blork_the_orc, uniq_duvessa
D:5:      layout_cave_pools, kennysheep_slug_shrine,
          gammafunk_ghost_abyssal_escape, uniq_prince_ribbit1
D:6:      layout_rooms, nicolae_overflow_crystal_walls
D:7:      layout_basic, mainiacjoe_overflow_tiny_flanked, serial_shops,
          shop_fountains, lemuel_flamethrower_2
D:8:      minmay_bloctagon_deflated, layout_rooms, enter_bailey_2, uniq_maurice,
          uniq_gastronok
D:9:      layout_roguey, mainiacjoe_overflow_small_starburst, zin_statuary,
          nicolae_uskayaw_murder_on_the_dancefloor, uniq_harold
D:10:     layout_loops_ring, overflow_temple_1_default, lair_entry_dummy
Lair:1:   layout_long_grid, uniq_sonja, uniq_joseph
Abyss:2:  base: Temple, hangedman_abyss_theft

Skill      XL: |  1  2  3  4  5  6  7  8  9 10 11 12 13 |
---------------+----------------------------------------+-----
Axes           | 3 5 6 7 9 10 12 13 15 | 15.0
Fighting       | 4 5 7 8 9 10 11 12 | 12.0
Armour         | 3 4 6 7 9 10 | 10.4
Throwing       | 1 2 |  2.1
Dodging        | 2 3 |  3.1

Action                   |  1- 3 |  4- 6 |  7- 9 | 10-12 | 13-15 || total
-------------------------+-------+-------+-------+-------+-------++-------
Melee: Hand axe          |   112 |    84 |       |       |       ||   196
       Punch             |       |     3 |     2 |     2 |     2 ||     9
       War axe           |       |    27 |   239 |   412 |    40 ||   718
Throw: Boomerang         |       |    20 |    24 |    46 |       ||    90
Invok: Berserk           |     2 |     2 |    14 |    12 |     1 ||    31
       Trog's Hand       |       |       |       |     2 |       ||     2
  Use: Scroll            |     4 |     2 |    12 |    11 |       ||    29
       Potion            |     1 |     1 |     1 |     1 |       ||     4
Armor: Animal skin       |    25 |       |       |       |       ||    25
       Leather armour    |     9 |    28 |       |       |       ||    37
       Chain mail        |       |    11 |   109 |   285 |    27 ||   432
Dodge: Dodged            |    61 |    57 |    96 |   154 |    25 ||   393

Table legend:
 A = Non-vault XP
 B = Vault XP
 C = Vault XP percentage of total XP
 D = Non-vault monster count
 E = Vault monster count
 F = Vault count percentage of total count
                 A         B        C        D         E       F
            +---------+---------+-------+---------+---------+-------
      Total |   29627 |    4955 |  14.3 |     243 |      14 |   5.4
            +---------+---------+-------+---------+---------+-------
        D:1 |      30 |       0 |   0.0 |      17 |       0 |   0.0
        D:2 |      86 |     231 |  72.9 |      22 |       1 |   4.3
        D:3 |     240 |       0 |   0.0 |      17 |       0 |   0.0
        D:4 |     680 |     314 |  31.6 |      36 |       3 |   7.7
        D:5 |    1015 |     268 |  20.9 |      16 |       2 |  11.1
        D:6 |    1026 |       0 |   0.0 |      18 |       0 |   0.0
        D:7 |     807 |       0 |   0.0 |      16 |       0 |   0.0
        D:8 |    1789 |    2856 |  61.5 |      33 |       6 |  15.4
        D:9 |    3117 |     863 |  21.7 |      14 |       1 |   6.7
       D:10 |     487 |       0 |   0.0 |       9 |       0 |   0.0
     Lair:1 |    4881 |     423 |   8.0 |      14 |       1 |   6.7
    Abyss:1 |    9597 |       0 |   0.0 |      23 |       0 |   0.0
    Abyss:2 |    5872 |       0 |   0.0 |       8 |       0 |   0.0
            +---------+---------+-------+---------+---------+-------
